 Dungeon Crawl Stone Soup version 0.25.1-2-g60ff931 (webtiles) character file.

Game seed: 7496171141901797524

37397 Atlas the Ripper (level 13, -10/55 HPs)
             Began as a Felid Berserker on Aug 14, 2020.
             Was an Elder of Trog.
             Mangled by a two-headed ogre
             ... wielding a +0 giant club
              (31 damage)
             ... on level 2 of the Orcish Mines.
             The game lasted 00:33:39 (29381 turns).

Atlas the Ripper (Felid Berserker)                 Turns: 29381, Time: 00:33:40

Health: -10/55     AC:  3    Str: 17    XL:     13   Next: 58%
Magic:  15/15      EV: 35    Int:  8    God:    Trog [****..]
Gold:   2359       SH:  5    Dex: 29    Spells: 12/12 levels left
                                        Lives:  0   Deaths: 3

rFire    . . .     SeeInvis +     - Unarmed
rCold    + . .     Gourm    .   (shield unavailable)
rNeg     . . .     Faith    .   (armour unavailable)
rPois    .         Spirit   .   (helmet unavailable)
rElec    .         Reflect  +   (cloak unavailable)
rCorr    .         Harm     .   (gloves unavailable)
MR       +....                  (boots unavailable)
Stlth    ++++++++..             w - amulet of reflection
HPRegen  0.18/turn              O - +6 ring of dexterity
MPRegen  0.14/turn              t - +6 ring of dexterity

@: quick
A: very small, no armour, no weapons or thrown items, stealth, claws 1, fangs 3,
see invisible, carnivore, speed 1, shaggy fur 3, slow metabolism 1, sharp paws
a: Berserk, Trog's Hand, Brothers in Arms, Renounce Religion


You were on level 2 of the Orcish Mines.
You worshipped Trog.
Trog was greatly pleased with you.
You were very full.

You visited 3 branches of the dungeon, and saw 23 of its levels.

You collected 2359 gold pieces.

Inventory:

Jewellery
 m - an uncursed ring of fire
 q - an uncursed amulet of guardian spirit
 t - a +6 ring of dexterity (right paw)
 u - an uncursed ring of fire
 w - an amulet of reflection (around neck)
 D - an uncursed amulet of regeneration
 K - an uncursed ring of stealth
 O - a +6 ring of dexterity (left paw)
Wands
 c - a wand of digging (13)
 A - a wand of clouds (10)
 B - a wand of iceblast (4)
 H - a wand of acid (17)
 I - a wand of flame (22)
 P - a wand of enslavement (4)
Scrolls
 e - 8 scrolls of teleportation
 f - 2 scrolls of summoning {unknown}
 g - 3 scrolls of fear
 i - 6 scrolls of remove curse
 j - 5 scrolls of fog {unknown}
 o - 3 scrolls of immolation {unknown}
 r - 4 scrolls of identify
 y - 4 scrolls of blinking {unknown}
 C - 3 scrolls of amnesia {unknown}
 J - a scroll of holy word
 M - 2 scrolls of magic mapping
 N - 2 scrolls of vulnerability
Potions
 b - 5 potions of stabbing
 d - 5 potions of haste
 h - 3 potions of cancellation
 k - a potion of resistance
 l - 4 potions of flight
 n - 5 potions of heal wounds
 p - 4 potions of curing
 s - 2 potions of lignification
 v - 2 potions of brilliance
 x - 2 potions of ambrosia
 z - a potion of invisibility {unknown}
 F - 3 potions of mutation
 G - 3 potions of degeneration
 L - 2 potions of berserk rage
Miscellaneous
 E - a tin of tremorstones (3/3)
Comestibles
 a - 53 rations
 Q - 17 chunks of flesh


   Skills:
 + Level 6.2 Fighting
 + Level 14.4 Dodging
 + Level 17.5 Stealth
 + Level 19.2 Unarmed Combat
 + Level 1.6 Evocations


You had 12 spell levels left.
You didn't know any spells.
Your spell library was empty.

Dungeon Overview and Level Annotations

Branches:
Dungeon (15/15)            Temple (0/1) D:5            Lair (6/6) D:8
 Shoals (0/4) Lair:4       Spider (0/4) Lair:4        Slime (0/5) Lair:6
    Orc (2/2) D:12         Vaults (0/5) D:13         Depths (0/5) D:15
    Elf: Orc:2

Altars:
Dithmenos
Hepliaklqana
Kikubaaqudgha
Makhleb
Jiyva

Annotations:
Lair:5 1 runed translucent door, Toqural's ghost, journeyman OpTm
Orc:1 1 runed translucent door, Inchmeat's ghost, journeyman HOGl


Innate Abilities, Weirdness & Mutations

You cannot wear armour.
You are incapable of wielding weapons or throwing items.
Your paws allow you to move quietly. (Stealth)
You have sharp claws.
You have razor-sharp teeth.
You have supernaturally acute eyesight. (SInv)
You are carnivorous and can eat meat at any time.
You cover ground quickly.
Your thick and shaggy fur keeps you warm. (AC +3, rC+)
You have a slow metabolism.
Your sharp claws are effective at attacking unaware monsters.


Message History

An orc warrior comes into view. It is wielding a +0 dire flail.
An orc comes into view. It is wielding a +0 club.
The orc warrior moves out of view. 2 orcs and an orc warrior come into view.
The two-headed ogre hits you with a +0 giant club!!
The two-headed ogre completely misses you.
The orc warrior moves out of view.
Your ogre goes berserk!
The two-headed ogre completely misses you.
You block the two-headed ogre's attack.
You hear a shout!
You hear a shout!
Things that are here:
a +0 scale mail; an orc corpse Something closely misses your ogre.
Your ogre hits the two-headed ogre with a +0 giant spiked club!!!
Okay, then.
The two-headed ogre hits you with a +0 giant club!!
Ouch! That really hurt!
You die...

..##..........
..#.........## .o.....
.............# ......
###........#.# .o.o.
##..........## .oo.
#........#...## #.O##
..#........##..####...#
..#..#......##..).##o.#
...###......#...@OOo.#
#.. ##.....##....#....#
##. ##########.#######
## ###


You could see a two-headed ogre, an orc warrior, an orc and a friendly ogre
(summoned, berserk).

Vanquished Creatures
  Snorg (D:12)
  3 hydras
  5 centaur warriors
  Erica (D:10)
  9 two-headed ogres
  A death knight (D:13)
  3 catoblepae (Lair:6)
  An ogre mage (D:13)
  10 death yaks
  Urug (Lair:6)
  A skeletal warrior (D:13)
  A wizard (D:14)
  A deep elf archer (D:13)
  A wolf spider (D:15)
  An oklob plant (D:14)
  3 deep elf magi
  15 ugly things
  A merfolk siren (Lair:4)
  3 manticores
  3 cyclopes
  4 centaur zombies
  Joseph (D:8)
  5 black mambas
  Maggie (D:9)
  A gargoyle (D:12)
  9 spiny frogs
  3 rime drakes
  3 yaktaurs (D:13)
  3 komodo dragons
  A redback zombie (D:14)
  2 tengu conjurers
  A queen bee (shapeshifter) (D:15)
  3 trolls
  A polar bear (Lair:5)
  A hornet (D:13)
  8 blink frogs
  8 dream sheep
  7 slime creatures
  13 hippogriffs
  A spriggan (Lair:3)
  2 wraiths
  A vampire (D:10)
  3 redbacks (Lair:4)
  2 wyverns
  A shadow (D:14)
  A basilisk (D:15)
  49 yaks
  2 hungry ghosts
  7 vampire mosquitoes
  An acid dragon (D:13)
  Duvessa (D:7)
  6 porcupines
  9 water moccasins
  17 orc warriors
  2 eyes of draining (D:10)
  3 ice beasts
  6 sky beasts
  A black bear (D:13)
  3 boggarts (D:15)
  A necrophage (D:6)
  5 phantoms
  4 wolves (Lair:2)
  15 ogres
  15 centaurs
  10 crocodiles
  4 big kobolds
  14 bullfrogs
  Dowan (D:7)
  A gnoll sergeant (D:7)
  A wyvern skeleton (D:13)
  7 scorpions
  A water moccasin skeleton (D:8)
  4 killer bees
  A howler monkey (D:10)
  2 electric eels (Lair:5)
  8 crimson imps
  A bullfrog zombie (D:9)
  13 jellies
  A quasit (D:13)
  10 hounds
  28 orc wizards
  Crazy Yiuf (D:2)
  A bullfrog skeleton (D:13)
  14 orc priests
  5 centaur skeletons
  5 iguanas
  4 hell rats
  12 worker ants
  A hound skeleton (D:4)
  2 howler monkey zombies
  19 adders
  A shadow imp (D:11)
  15 oozes
  2 adder skeletons
  5 worms
  5 leopard geckos
  103 orcs
  2 ball pythons (D:1)
  9 bats
  4 giant cockroaches
  6 goblins
  3 hobgoblins
  14 jackals
  22 kobolds
  5 quokkas
  5 frilled lizards
  3 leopard gecko skeletons
  A quokka zombie (D:7)
  2 rats (D:1)
  A fungus (D:2)
677 creatures vanquished.

Vanquished Creatures (collateral kills)
  A fire dragon (D:15)
  An ice dragon (D:15)
  A death yak (Lair:6)
  Sonja (D:10)
  7 ugly things
  A tengu conjurer (D:15)
  2 vampire mosquitoes (D:12)
  A centaur (D:12)
  2 bullfrogs (D:12)
  4 killer bees (D:11)
21 creatures vanquished.

Vanquished Creatures (others)
  19 fungi
  9 plants
28 creatures vanquished.

Grand Total: 726 creatures vanquished

Notes
Turn   | Place    | Note
-------+----------+-------------------------------------------
     0 | D:1      | Atlas the Felid Berserker began the quest for the Orb.
     0 | D:1      | Reached XP level 1. HP: 10/10 MP: 2/2
   507 | D:1      | Reached XP level 2. HP: 14/14 MP: 3/3
  1333 | D:2      | Reached XP level 3. HP: 17/17 MP: 4/4
  1699 | D:2      | Reached skill level 1 in Stealth
  2044 | D:2      | Found a runed translucent door.
  2045 | D:2      | Noticed Crazy Yiuf
  2057 | D:2      | Killed Crazy Yiuf
  2057 | D:2      | Reached XP level 4. HP: 21/21 MP: 3/5
  2453 | D:3      | Reached skill level 5 in Dodging
  2459 | D:3      | Reached skill level 4 in Unarmed Combat
  2750 | D:3      | Reached ** piety under Trog
  3045 | D:3      | Reached XP level 5. HP: 23/24 MP: 4/6
  3460 | D:3      | Reached skill level 5 in Unarmed Combat
  3460 | D:3      | Gained mutation: You are covered in thick fur. (AC +2)
                  | [Felid growth]
  3460 | D:3      | Reached XP level 6. HP: 22/28 MP: 5/7
  4330 | D:4      | Reached skill level 6 in Unarmed Combat
  4335 | D:4      | Found a shadowy altar of Dithmenos.
  4342 | D:4      | Reached XP level 7. HP: 31/31 MP: 4/8
  4651 | D:4      | Reached skill level 5 in Stealth
  4660 | D:4      | Reached *** piety under Trog
  4796 | D:4      | Found an ancient bone altar of Kikubaaqudgha.
  4890 | D:4      | Reached skill level 7 in Unarmed Combat
  5279 | D:5      | Entered Level 5 of the Dungeon
  6092 | D:5      | Found a staircase to the Ecumenical Temple.
  6107 | D:5      | Reached XP level 8. HP: 23/36 MP: 9/9
  6529 | D:6      | Reached skill level 8 in Unarmed Combat
  7045 | D:7      | Reached **** piety under Trog
  7249 | D:7      | Reached skill level 9 in Unarmed Combat
  7297 | D:7      | Found the +3 robe of Folly {Archmagi, MR-- Int+5}
  7297 | D:7      | Noticed Dowan
  7410 | D:7      | Noticed Duvessa
  7604 | D:7      | Reached XP level 9. HP: 35/39 MP: 10/10
  7630 | D:7      | Killed Duvessa
  8169 | D:7      | Killed Dowan
  8169 | D:7      | Reached skill level 10 in Unarmed Combat
  8542 | D:8      | Reached skill level 11 in Unarmed Combat
  8850 | D:8      | Reached XP level 10. HP: 43/43 MP: 11/11
  9104 | D:8      | Noticed a death yak
  9105 | D:8      | Found a staircase to the Lair.
  9107 | D:8      | Noticed a death yak
  9108 | D:8      | Noticed a death yak
  9133 | D:8      | Killed a death yak
  9584 | D:8      | Noticed Joseph
  9587 | D:8      | Killed Joseph
  9919 | D:9      | Reached skill level 12 in Unarmed Combat
  9946 | D:9      | Noticed Maggie
  9964 | D:9      | Slain by Maggie
  9965 | D:9      | Reached XP level 9. HP: 0/40 MP: 0/10
 10205 | D:9      | Killed a troll
 10528 | D:9      | Reached skill level 10 in Stealth
 10634 | D:9      | Killed Maggie
 10634 | D:9      | Reached skill level 10 in Dodging
 10634 | D:9      | Reached XP level 10. HP: 43/43 MP: 9/11
 11008 | D:10     | Entered Level 10 of the Dungeon
 11021 | D:10     | Reached skill level 5 in Fighting
 11094 | D:10     | Identified the +9 hand axe "Hicux" {vorpal, Int+3}
 11531 | D:10     | Noticed Erica
 11548 | D:10     | Killed Erica
 11548 | D:10     | Reached skill level 13 in Unarmed Combat
 11640 | D:10     | Reached ***** piety under Trog
 12185 | D:10     | Noticed Sonja
 12195 | D:10     | Killed Sonja
 12564 | D:11     | Noticed a two-headed ogre
 12565 | D:11     | Noticed a manticore
 12570 | D:11     | Killed a two-headed ogre
 12578 | D:11     | Killed a manticore
 12578 | D:11     | Reached XP level 11. HP: 33/48 MP: 8/12
 13163 | D:11     | Noticed a purple ugly thing
 13182 | D:11     | Killed a purple ugly thing
 13594 | D:12     | Noticed a two-headed ogre
 13602 | D:12     | Noticed a two-headed ogre
 13606 | D:12     | Noticed a cyan ugly thing
 13607 | D:12     | Noticed Snorg
 13613 | D:12     | Killed a two-headed ogre
 13613 | D:12     | Reached skill level 14 in Unarmed Combat
 13616 | D:12     | Killed a two-headed ogre
 13631 | D:12     | Killed a cyan ugly thing
 13684 | D:12     | Killed Snorg
 14010 | D:12     | Found a staircase to the Orcish Mines.
 14430 | D:12     | Reached skill level 15 in Unarmed Combat
 14890 | D:13     | Gained mutation: Your thick and shaggy fur keeps you warm.
                  | (AC +3, rC+) [Felid growth]
 14890 | D:13     | Reached XP level 12. HP: 52/52 MP: 13/13
 14939 | D:13     | Noticed a two-headed ogre
 14944 | D:13     | Killed a two-headed ogre
 15057 | D:13     | Noticed a death knight
 15063 | D:13     | Killed a death knight
 15126 | D:13     | Found a gate to the Vaults.
 15183 | D:13     | Noticed an ogre mage
 15199 | D:13     | Killed an ogre mage
 15754 | D:14     | Reached skill level 16 in Unarmed Combat
 17016 | D:14     | Noticed a centaur warrior
 17024 | D:14     | Killed a centaur warrior
 17024 | D:14     | Reached skill level 1 in Evocations
 17024 | D:14     | Reached XP level 13. HP: 55/55 MP: 14/14
 17030 | D:14     | Reached ****** piety under Trog
 18267 | D:15     | Entered Level 15 of the Dungeon
 18397 | D:15     | Reached skill level 15 in Stealth
 18397 | D:15     | Reached skill level 17 in Unarmed Combat
 19110 | D:15     | Noticed a fire dragon
 19130 | D:15     | Killed a fire dragon
 19254 | D:15     | Found a staircase to the Depths.
 19402 | D:15     | Found a hazy altar of Hepliaklqana.
 20500 | Lair:1   | Entered Level 1 of the Lair of Beasts
 20582 | Lair:1   | Found a burning altar of Makhleb.
 21123 | Lair:1   | Reached XP level 14. HP: 60/60 MP: 16/16
 21344 | Lair:1   | HP: 3/60 [four-headed hydra (12)]
 21344 | Lair:1   | Mangled by a four-headed hydra
 21345 | Lair:1   | Reached XP level 13. HP: -13/55 MP: 0/15
 21778 | Lair:1   | You fall into a shaft and drop 1 floor!
 22419 | Lair:2   | Reached skill level 18 in Unarmed Combat
 24393 | Lair:4   | Found a hole to the Spider Nest.
 24770 | Lair:4   | Found a staircase to the Shoals.
 25369 | Lair:5   | Found a runed translucent door.
 26059 | Lair:5   | Noticed Toqural's ghost (journeyman OpTm)
 26106 | Lair:6   | Entered Level 6 of the Lair of Beasts
 26658 | Lair:6   | Noticed Urug
 26665 | Lair:6   | Killed Urug
 26742 | Lair:6   | Reached XP level 14. HP: 49/60 MP: 16/16
 26915 | Lair:6   | Identified the Guide on Warped Malediction
 27184 | Lair:6   | HP: 1/60 [catoblepas/blast of calcifying dust (6)]
 27188 | Lair:6   | Killed from afar by a catoblepas
 27189 | Lair:6   | Reached XP level 13. HP: -2/55 MP: 15/15
 27261 | Lair:6   | HP: 2/55 [death yak (25)]
 27676 | Lair:6   | Reached skill level 19 in Unarmed Combat
 28191 | Lair:6   | Found a viscous altar of Jiyva.
 28191 | Lair:6   | Found a staircase to the Slime Pits.
 28895 | Orc:1    | Entered Level 1 of the Orcish Mines
 29146 | Orc:1    | Found a runed translucent door.
 29218 | Orc:1    | Noticed Inchmeat's ghost (journeyman HOGl)
 29275 | Orc:2    | Entered Level 2 of the Orcish Mines
 29381 | Orc:2    | Mangled by a two-headed ogre

Illustrated notes

Levels and vault maps discovered:
D:1:      evilmike_arrival_plus, layout_loops_corners
D:2:      layout_rooms, serial_aquarium, aquarium_bridge_square
          [aquarium_subvault_wall, aquarium_subvault_bridge,
          aquarium_subvault_bridge, aquarium_subvault_balcony],
          aquarium_window_1, aquarium_window_fake, aquarium_window_2,
          aquarium_window_1, aquarium_view_2e, aquarium_view_2e,
          aquarium_balcony_3a, aquarium_pool_corner, palyth_stone_intersect,
          uniq_crazy_yiuf_cottage
D:3:      layout_basic, first_ration, grunt_ministairs_15,
          kennysheep_generic_room_5
D:4:      layout_loops_cross, marbit_many_paths,
          grunt_dithmenos_smoke_and_mirrors
D:5:      layout_basic, minmay_temple_entry_sparse_star
D:6:      layout_rooms, minmay_misc_feat_doors
D:7:      minmay_the_grid_square_5x5_3x3 [minmay_the_grid_square_5x5_tie,
          minmay_the_grid_square_5x5_spiral, minmay_the_grid_square_5x5_two,
          minmay_the_grid_square_5x5_n_small,
          minmay_the_grid_square_5x5_megaprize_diamond,
          minmay_the_grid_square_5x5_three,
          minmay_the_grid_square_5x5_three_walls,
          minmay_the_grid_square_5x5_half_checkered,
          minmay_the_grid_square_5x5_spiral_small], layout_loops_ring,
          uniq_duvessa
D:8:      layout_loops_ring, dpeg_lair_monsters, uniq_joseph
D:9:      layout_basic, uniq_maggie
D:10:     layout_stronghold, uniq_sonja, uniq_erica
D:11:     layout_rooms
D:12:     layout_rooms, orc_0_dummy, uniq_snorg
D:13:     layout_loops_ring, hangedman_vaults_entry_quadrant_bands
D:14:     lemuel_slime, layout_irregular_city, grunt_tengu_nest
D:15:     grunt_enter_depths_hoard, layout_gridville, lemuel_crystal_altar
Lair:1:   layout_cave_pods, basic_altar, beast_lair_carwin_6
Lair:2:   layout_gridlike, nicolae_quartered_pool_little, minivault_23,
          lemuel_fruit_tree
Lair:3:   layout_misc_corridors, st_stairs_12, grunt_forest_large_clearing_hut
Lair:4:   layout_cave_pods, minmay_shoals_entry_lonely_mermaid,
          spider_nest_entry_a
Lair:5:   layout_small_grid, ebering_ghost_reflecting_pool, serial_bayou_shore_a
Lair:6:   evilmike_catoblepas_cave, layout_regular_city,
          dpeg_slime_entry_enclosed_altar, uniq_urug
Orc:1:    layout_diamond_mine, ebering_ghost_reflecting_pool
Orc:2:    pubby_orc_utopia, uniq_saint_roka

Skill      XL: |  1  2  3  4  5  6  7  8  9 10 11 12 13 |
---------------+----------------------------------------+-----
Stealth        | 1 3 4 6 7 10 11 14 17 | 17.5
Dodging        | 5 6 7 10 9 11 12 14 | 14.4
Unarmed Combat | 4 5 6 7 9 11 13 15 16 19 | 19.2
Fighting       | 4 5 6 |  6.2
Evocations     | 1 |  1.6

Action                   |  1- 3 |  4- 6 |  7- 9 | 10-12 | 13-15 || total
-------------------------+-------+-------+-------+-------+-------++-------
Melee: Unarmed           |   118 |   170 |   405 |   621 |   704 ||  2018
       Bite              |    13 |    18 |    41 |    94 |   124 ||   290
       Punch             |     2 |     3 |    19 |    51 |   100 ||   175
Invok: Berserk           |     1 |     4 |    10 |    14 |    14 ||    43
       Trog's Hand       |       |     3 |     3 |     7 |     8 ||    21
       Brothers in Arms  |       |       |       |     4 |     8 ||    12
Evoke: Wand              |       |       |     5 |     5 |     1 ||    11
  Use: Potion            |       |       |       |     4 |     1 ||     5
       Scroll            |       |       |       |    19 |     2 ||    21
 Stab: Sleeping          |     6 |     7 |    20 |    40 |    67 ||   140
       Distracted        |       |       |     2 |     1 |     5 ||     8
       Confused          |       |       |       |       |     1 ||     1
  Eat: Chunk             |     9 |     9 |    32 |    27 |    57 ||   134
Armor: Skin              |     6 |     3 |     9 |    10 |    10 ||    38
Dodge: Dodged            |    82 |   129 |   304 |   656 |   616 ||  1787
Block: Other             |       |       |       |       |    54 ||    54
       Reflection        |       |       |       |       |     1 ||     1
